 Dungeon Crawl Stone Soup version 0.29.0-7-g18a832c13a (webtiles) character file.

Game seed: 7844917463437150492

758 gelatine the Ogre Mage (level 7, 0/62 HPs)
             Began as an Ogre Fire Elementalist on Aug 31, 2022.
             Was a Believer of Sif Muna.
             Slain by Pikel
             ... wielding a +2 whip of freezing
              (2 damage)
             ... on level 5 of the Dungeon.
             The game lasted 00:19:06 (5648 turns).

gelatine the Ogre Mage (Ogre Fire Elementalist)     Turns: 5648, Time: 00:19:07

Health: 0/62       AC:  3    Str: 13    XL:     7   Next: 80%
Magic:  1/14       EV: 10    Int: 18    God:    Sif Muna [**....]
Gold:   234        SH:  0    Dex:  9    Spells: 1/16 levels left

rFire   . . .      SeeInvis +   x - +2 flail (protect)
rCold   . . .      Faith    .   (no shield)
rNeg    . . .      Spirit   .   a - +0 robe
rPois   .          Reflect  .   (helmet restricted)
rElec   .          Harm     .   t - scarf {+Inv}
rCorr   .          Rampage  .   (gloves unavailable)
Will    .....                   (boots unavailable)
Stlth   ++........              (no amulet)
HPRegen 0.20/turn               e - ring of see invisible
MPRegen 0.14/turn               (no ring)

@: no status effects
A: large, unfitting armour, tough skin 1
a: Renounce Religion, Evoke Invisibility, Channel Magic


You were on level 5 of the Dungeon.
You worshipped Sif Muna.
Sif Muna was pleased with you.
You visited 2 branches of the dungeon, and saw 6 of its levels.

You collected 234 gold pieces.

Inventory:

Hand Weapons
 l - a +0 flail of holy wrath
 u - a +4 dagger of draining
 x - a +2 flail of protection (weapon)
Missiles
 i - 2 poisoned darts
Armour
 a - a +0 robe (worn)
 t - a scarf of invisibility (worn)
Jewellery
 e - a ring of see invisible (left hand)
Scrolls
 c - a scroll of poison
 d - a scroll of butterflies
 f - 2 scrolls of magic mapping
 m - 3 scrolls of enchant armour
 o - a scroll of summoning {unknown}
 r - a scroll of acquirement {unknown}
 s - a scroll of fear {unknown}
 v - a scroll of amnesia {unknown}
Potions
 b - a potion of cancellation {unknown}
 g - a potion of haste
 h - a potion of heal wounds {unknown}
 j - 3 potions of curing
 k - a potion of brilliance {unknown}
 n - a potion of lignification {unknown}
 p - a potion of berserk rage {unknown}
 q - a potion of attraction
 w - a potion of might


   Skills:
 + Level 1.2 Fighting
 + Level 1.0 Maces & Flails
 + Level 2.4 Dodging
 + Level 2.0 Stealth
 + Level 5.2 Spellcasting
 + Level 2.3 Conjurations
 + Level 0.3 Hexes
 + Level 4.9 Fire Magic
 * Level 2.6 Invocations
 * Level 1.5 Evocations


You had one spell level left.
You knew the following spells:

 Your Spells              Type           Power      Damage    Failure   Level
a - Foxfire               Conj/Fire      68%        2x1d7     3%          1
b - Scorch                Fire           44%        2d7       2%          2
c - Conjure Flame         Conj/Fire      17%        6-21      9%          3
d - Inner Flame           Hex/Fire       14%        N/A       13%         3
e - Flame Wave            Conj/Fire      17%        2d7       28%         4
f - Blink                 Tloc           8%         N/A       21%         2

Your spell library contained the following spells:

 Spells                   Type           Power      Damage    Failure   Level
 Lesser Beckoning         Tloc           4%         N/A       36%         3
 Manifold Assault         Tloc           4%         N/A       98%         5


Dungeon Overview and Level Annotations

Branches:
Dungeon (5/15)             Temple (1/1) D:4

Altars:
Ashenzari
Cheibriados
Dithmenos
Elyvilon
Fedhas
Gozag
Hepliaklqana
Kikubaaqudgha
Nemelex Xobeh
Okawaru
Ru
Sif Muna
Vehumet
Xom
Yredelemnul
Zin
The Shining One

Annotations:
D:5 Pikel


Innate Abilities, Weirdness & Mutations

You are too large for most types of armour.
You have tough skin. (AC +1)


Message History

Pikel is lightly wounded.
The foxfire hits Pikel!
Pikel is moderately wounded.
You conjure some foxfire!
The foxfire hits Pikel.
Pikel is moderately wounded.
Casting: Foxfire (safe; 3% risk of failure)
Confirm with . or Enter, or press ? or * to list all spells.
Flames lash Pikel.
Pikel is heavily wounded.
Pikel's fire resistance burns away.
The foxfire hits Pikel.
Pikel is heavily wounded.
The foxfire hits Pikel but does no damage.
Pikel is heavily wounded.
The foxfire hits Pikel.
Pikel is heavily wounded.
Casting: Scorch (safe; 2% risk of failure)
Confirm with . or Enter, or press ? or * to list all spells.
Flames lash the lemure.
The lemure is heavily wounded.
The lemure's fire resistance burns away.
Pikel hits you with a +2 whip of freezing!
Pikel freezes you.
Casting: Scorch (safe; 2% risk of failure)
Confirm with . or Enter, or press ? or * to list all spells.
You don't have enough magic to cast this spell.
You completely miss Pikel.
Pikel is heavily wounded.
Pikel hits you with a +2 whip of freezing.
Pikel freezes you.
You barely miss Pikel.
Pikel is heavily wounded.
Pikel hits you with a +2 whip of freezing!
* * * LOW HITPOINT WARNING * * *
Pikel freezes you.
* * * LOW HITPOINT WARNING * * *
The lemure hits you but does no damage.
Pikel hits you with a +2 whip of freezing!
* * * LOW HITPOINT WARNING * * *
Pikel freezes you.
You die...

......†..# ##..###....##
.........# ##..........####.
........§# #................
.......... ##...##........#
.......§§.##.######......###
......§...... ##.......##
5.§.......##5# ##........ #
##5K## #......... #..5@##
##†.......#
#.....###.##......#
#...#..#.## #..####
#...###...# ...# #.... #.###
...# #.... #.# ..## #... ..#
## #.... .... .... ..#..


You could see Pikel (combustible) and 3 lemures.

Vanquished Creatures
  Grinder (D:3)
  Menkaure (D:5)
  An ogre (D:4)
  A lemure (D:5)
  A scorpion (D:5)
  An orc priest (D:4)
  Jessica (D:2)
  Natasha (twice) (D:2)
  An orc wizard (D:4)
  Robin (D:3)
  6 adders
  3 gnolls
  A worm (D:2)
  A dart slug (D:1)
  7 orcs (D:4)
  5 ball pythons
  7 endoplasms
  A giant cockroach (D:4)
  12 goblins
  7 hobgoblins
  4 kobolds (D:1)
  3 quokkas
  A bat (D:2)
  13 frilled lizards
  3 rats
85 creatures vanquished.

Vanquished Creatures (others)
  304 foxfires
  8 plants (D:3)
312 creatures vanquished.

Grand Total: 397 creatures vanquished

Notes
Turn   | Place    | Note
-------+----------+-------------------------------------------
     0 | D:1      | gelatine the Ogre Fire Elementalist began the quest for the
                  | Orb.
     0 | D:1      | Reached XP level 1. HP: 16/16 MP: 3/3
     2 | D:1      | Noticed a demigod
     2 | D:1      | Noticed an elf
     4 | D:1      | Noticed a demonspawn
     6 | D:1      | Noticed a naga
     6 | D:1      | Noticed a felid
     8 | D:1      | Noticed an ogre
    10 | D:1      | Noticed a minotaur
    10 | D:1      | Noticed a gargoyle
    12 | D:1      | Noticed a formicid
    12 | D:1      | Noticed a spriggan
    14 | D:1      | Noticed a ghoul
    14 | D:1      | Noticed a vampire
    16 | D:1      | Noticed a meteoran
    18 | D:1      | Noticed an octopode
    18 | D:1      | Noticed a vine stalker
    20 | D:1      | Noticed a palentonga
    20 | D:1      | Noticed a draconian
    23 | D:1      | Noticed a human
    23 | D:1      | Noticed a troll
    25 | D:1      | Noticed a palentonga
    25 | D:1      | Noticed a tengu
    27 | D:1      | Noticed a vine stalker
    27 | D:1      | Noticed a demigod
   266 | D:1      | Reached XP level 2. HP: 24/24 MP: 0/5
   324 | D:1      | Learned a level 2 spell: Scorch
   369 | D:1      | You fall into a shaft and drop 1 floor!
   438 | D:1      | Reached skill level 1 in Conjurations
   556 | D:1      | Found a faded altar of an unknown god.
   564 | D:1      | Prayed at the altar of an unknown god.
   564 | D:1      | Became a worshipper of Sif Muna the Loreminder
   564 | D:1      | Reached * piety under Sif Muna
   975 | D:2      | Noticed Natasha
   988 | D:2      | Noticed a crimson imp
  1376 | D:2      | Reached XP level 3. HP: 31/31 MP: 5/7
  1468 | D:2      | Killed Natasha
  1469 | D:2      | Reached skill level 3 in Spellcasting
  1897 | D:2      | Reached XP level 4. HP: 31/39 MP: 6/8
  2013 | D:2      | Noticed Jessica
  2018 | D:2      | Killed Jessica
  2131 | D:2      | Learned a level 3 spell: Conjure Flame
  2135 | D:2      | Learned a level 3 spell: Inner Flame
  2154 | D:2      | Noticed Natasha
  2157 | D:2      | Killed Natasha
  2158 | D:2      | Reached XP level 5. HP: 45/45 MP: 5/10
  2493 | D:3      | Noticed Robin
  2494 | D:3      | Reached ** piety under Sif Muna
  2520 | D:3      | Killed Robin
  2772 | D:3      | Noticed Grinder
  2785 | D:3      | Paralysed by Grinder for 4 turns
  2792 | D:3      | Killed Grinder
  2793 | D:3      | Reached skill level 4 in Spellcasting
  2793 | D:3      | Reached skill level 1 in Invocations
  2793 | D:3      | Reached XP level 6. HP: 15/54 MP: 0/12
  2798 | D:3      | Identified the +1 helmet "Imewab" {+Inv rF++ Will-}
  3121 | D:3      | Found a hazy altar of Hepliaklqana.
  3932 | D:4      | Found a staircase to the Ecumenical Temple.
  3941 | Temple   | Entered the Ecumenical Temple
  4228 | D:4      | Reached XP level 7. HP: 61/61 MP: 5/14
  4785 | D:4      | Reached skill level 1 in Evocations
  4842 | D:4      | Reached *** piety under Sif Muna
  4968 | D:5      | Entered Level 5 of the Dungeon
  5039 | D:5      | Reached skill level 1 in Fighting
  5479 | D:5      | Noticed Menkaure
  5486 | D:5      | Killed Menkaure
  5487 | D:5      | Reached skill level 1 in Maces & Flails
  5487 | D:5      | Reached skill level 5 in Spellcasting
  5492 | D:5      | Learned a level 4 spell: Flame Wave
  5495 | D:5      | Learned a level 2 spell: Blink
  5636 | D:5      | Noticed Pikel
  5648 | D:5      | HP: 2/62 [Pikel/+2 whip of freezing (8)]
  5648 | D:5      | Slain by Pikel

Illustrated notes

Levels and vault maps discovered:
D:1:      kb_arrival_jail, layout_rooms, shapermc_ecumenical_altar_mp_highgroup,
          grunt_decor_mini_mirrors, minmay_misc_feat_diagonals,
          nicolae_kite_square_tiling_tiny
D:2:      layout_basic, uniq_jessica, uniq_natasha
D:3:      layout_basic, nzn_hepliaklqana_mist_gate, serial_bayou_pond_d,
          minmay_lizard_king, uniq_grinder, uniq_robin
D:4:      layout_gridville, minmay_temple_entry_antechambers,
          supply_closet_lemuel, wad_orctagon
D:5:      layout_layer_cave, mainiacjoe_overflow_paths, uniq_prince_ribbit1,
          uniq_menkaure, uniq_pikel, uniq_crazy_yiuf_cottage
Temple:   nicolae_temple_x_marks_the_god

Skill      XL: |  1  2  3  4  5  6  7 |
---------------+----------------------+-----
Dodging        | 2 |  2.4
Fire Magic     | 3 4 |  4.9
Conjurations   | 1 2 |  2.3
Spellcasting   | 3 4 5 |  5.2
Invocations    | 1 2 |  2.6
Evocations     | 1 |  1.5
Fighting       | 1 |  1.2
Maces & Flails | 1 |  1.0
Stealth        | 2 |  2.0
Hexes          | |  0.3

Action                   |  1- 3 |  4- 6 |  7- 9 || total
-------------------------+-------+-------+-------++-------
Melee: Whip              |    11 |       |       ||    11
       Flail             |     9 |    16 |     5 ||    30
 Cast: Foxfire           |    74 |    51 |    48 ||   173
       Scorch            |       |    21 |    28 ||    49
       Conjure Flame     |       |     3 |       ||     3
       Inner Flame       |       |     2 |       ||     2
Invok: Channel Magic     |       |       |     1 ||     1
  Use: Scroll            |       |     4 |     1 ||     5
       Potion            |       |     1 |     3 ||     4
 Stab: Sleeping          |       |     1 |       ||     1
Armor: Robe              |    11 |     7 |     4 ||    22
Dodge: Dodged            |    14 |    18 |    20 ||    52
